 Dungeon Crawl Stone Soup version 0.29.1-14-g9c671dbff4 (webtiles) character file.

Game seed: 15251441889877801644

3461 growler the Spear-Bearer (level 9, -11/63 HPs)
             Began as a Demonspawn Wanderer on Feb 14, 2023.
             Was an Elder of Dithmenos.
             Mangled by a boulder beetle (22 damage)
             ... on level 8 of the Dungeon on Feb 15, 2023.
             The game lasted 00:21:13 (7871 turns).

growler the Spear-Bearer (Demonspawn Wanderer)      Turns: 7871, Time: 00:21:14

Health: -11/63     AC: 15    Str: 17    XL:     9   Next: 78%
Magic:  22/22      EV: 11    Int: 17    God:    Dithmenos [****..]
Gold:   422        SH:  0    Dex: 15    Spells: 8/8 levels left

rFire   . . .      SeeInvis .   v - +0 halberd (vamp)
rCold   . . .      Faith    .   (shield currently unavailable)
rNeg    . . .      Spirit   .   K - +0 steam dragon scales
rPois   .          Reflect  .   (no helmet)
rElec   .          Harm     .   I - +0 cloak
rCorr   .          Rampage  .   (no gloves)
Will    .....                   (no boots)
Stlth   ++........              (no amulet)
HPRegen 0.20/turn               i - +6 ring of intelligence
MPRegen 0.18/turn               s - ring of magical power

@: sanguine armoured, wreathed by umbra
A: spiny 2, sanguine armour 2, demonic magic 1, demonic touch 2
a: Renounce Religion, Shadow Step


You were on level 8 of the Dungeon.
You worshipped Dithmenos.
Dithmenos was greatly pleased with you.
You visited 1 branch of the dungeon, and saw 8 of its levels.
You also visited: Sewer.

You collected 422 gold pieces.

Inventory:

Hand Weapons
 a - a +2 spear
 b - a +0 quarterstaff
 v - a +0 vampiric halberd (weapon)
Missiles
 u - a throwing net
Armour
 e - a +0 leather armour
 I - a +0 cloak (worn)
 K - +0 steam dragon scales (worn)
 M - a +1 robe of resistance
Jewellery
 i - a +6 ring of intelligence (left hand)
 s - a ring of magical power (right hand)
 y - a ring of positive energy
 L - an amulet of reflection
 P - a ring of protection from cold
Wands
 c - a wand of flame (22) (quivered)
 O - a wand of light (14)
 Q - a wand of polymorph (5)
Scrolls
 g - 7 scrolls of teleportation
 h - a scroll of vulnerability {unknown}
 m - a scroll of amnesia
 o - 2 scrolls of enchant armour {unknown}
 x - a scroll of poison
 z - 2 scrolls of magic mapping {unknown}
 B - 2 scrolls of fear {unknown}
 C - 5 scrolls of identify
 D - 3 scrolls of noise {unknown}
 F - 2 scrolls of fog {unknown}
 G - 2 scrolls of blinking {unknown}
 H - a scroll of silence {unknown}
 J - a scroll of summoning {unknown}
Potions
 d - 2 potions of lignification
 f - 3 potions of curing
 j - a potion of mutation
 k - 4 potions of flight {unknown}
 l - 2 potions of might {unknown}
 n - 4 potions of brilliance {unknown}
 p - a potion of ambrosia {unknown}
 q - 3 potions of heal wounds
 r - 3 potions of magic {unknown}
 t - a potion of cancellation {unknown}
 w - a potion of attraction
 A - a potion of berserk rage
 E - a potion of resistance {unknown}
 N - a potion of degeneration {unknown}


   Skills:
 - Level 3.0 Fighting
 + Level 12.2 Polearms
 - Level 1.0(7.8) Staves
 - Level 1.7 Armour
 - Level 1.0 Stealth
 - Level 6.0 Invocations
 - Level 2.0 Evocations


You had 8 spell levels left.
You didn't know any spells.
Your spell library contained the following spells:

 Spells                   Type           Power      Damage    Failure   Level
 Call Canine Familiar     Summ           0%         N/A       56%         3
 Portal Projectile        Hex/Tloc       0%         N/A       56%         3
 Leda's Liquefaction      Hex/Erth       0%         N/A       93%         4


Dungeon Overview and Level Annotations

Branches:
Dungeon (8/15)             Temple (0/1) D:6            Lair (0/5) D:8
  Sewer (visited)

Altars:
Cheibriados
Dithmenos
Makhleb
Ru
Yredelemnul

Shops:
D:1 [**(*   D:5 !

Annotations:
D:3 3 runed translucent doors, Thatpatchoflichen's ghost, weakling OgIE


Innate Abilities, Weirdness & Mutations

You are mostly covered in sharp spines.
When seriously injured, your blood forms thick armour. (AC +9)
Spells you cast may paralyse adjacent enemies.
Your touch may inflict irresistible damage on your foes.


Message History

You puncture the boulder beetle!
The boulder beetle is heavily wounded.
Your shadow hits the boulder beetle with a halberd.
The boulder beetle waves its antennae.
The boulder beetle barely misses you.
You slash the boulder beetle!
You feel better.
The boulder beetle is heavily wounded.
The boulder beetle is struck by your spines.
The boulder beetle bites you but does no damage.
You hit the boulder beetle but do no damage.
The boulder beetle is heavily wounded.
The boulder beetle leaps!
The boulder beetle curls into a ball and begins rolling!
You hit the boulder beetle but do no damage.
The boulder beetle is heavily wounded.
Your shadow hits the boulder beetle with a halberd.
The boulder beetle barely misses you.
The boulder beetle stops rolling and uncurls.
You barely miss the boulder beetle.
The boulder beetle is severely wounded.
The boulder beetle is struck by your spines.
The boulder beetle closely misses you.
You hit the boulder beetle but do no damage.
The boulder beetle is severely wounded.
The boulder beetle bites you!!
Your blood congeals into armour.
You hit the boulder beetle but do no damage.
The boulder beetle is severely wounded.
The boulder beetle bites you!
You hit the boulder beetle but do no damage.
The boulder beetle is severely wounded.
The boulder beetle bites you!
* * * LOW HITPOINT WARNING * * *
You hit the boulder beetle but do no damage.
The boulder beetle is severely wounded.
The boulder beetle is struck by your spines.
The boulder beetle bites you but does no damage.
You hit the boulder beetle but do no damage.
The boulder beetle is severely wounded.
The boulder beetle bites you!!
You die...

##### # #... .####
#######.#######.....
#.........@B....>###
#.#.###.####........
####..##
##...#○##.>###
####....## ##....## .#
........# #...(.#
####....## #B..B.#
##.......# #°#.#..#
##.#......# #°.#.#..#
..............)..=....


You could see a boulder beetle.

Vanquished Creatures
  Pikel (D:7)
  A komodo dragon (D:7)
  Maggie (D:6)
  A wyvern (D:7)
  4 water moccasins
  An orc warrior (D:7)
  A kobold brigand (D:7)
  5 bullfrogs
  Blork the orc (D:6)
  4 scorpions
  A necrophage (D:4)
  6 killer bees (D:7)
  A howler monkey (D:6)
  3 jellies
  An orc priest (D:4)
  3 hounds
  An orc wizard (D:4)
  5 iguanas
  A scorpion zombie (D:3)
  2 hound zombies (D:3)
  A hound skeleton (D:4)
  3 gnolls (D:2)
  13 adders
  6 river rats
  A shadow imp (D:7)
  A white imp (D:7)
  An ufetubus (D:5)
  A worm (D:2)
  A dart slug (D:1)
  17 orcs
  4 endoplasms
  6 giant cockroaches
  4 goblins
  5 hobgoblins
  5 jackals (D:4)
  12 kobolds
  7 quokkas
  12 ball pythons
  A bat (D:1)
  3 frilled lizards
  34 rats
182 creatures vanquished.

Vanquished Creatures (others)
  A fungus (D:8)
  22 plants
23 creatures vanquished.

Grand Total: 205 creatures vanquished

Notes
Turn   | Place    | Note
-------+----------+-------------------------------------------
     0 | D:1      | growler the Demonspawn Wanderer began the quest for the
                  | Orb.
     0 | D:1      | growler set off with the following items: a +2 spear, a +0
                  | quarterstaff, a wand of flame (4), a potion of
                  | lignification, a +0 leather armour.
     0 | D:1      | Reached XP level 1. HP: 13/13 MP: 1/1
    11 | D:1      | Found Ytont's Assorted Antiques.
    38 | D:1      | Reached skill level 1 in Fighting
    43 | D:1      | Found Qutunu's Armour Emporium.
    54 | D:1      | Gained mutation: When seriously injured, your blood forms
                  | armour. (AC +9) [demonic ancestry]
    54 | D:1      | Reached XP level 2. HP: 13/22 MP: 2/2
   306 | D:1      | Found a faded altar of an unknown god.
   311 | D:1      | Prayed at the altar of an unknown god.
   311 | D:1      | Became a worshipper of Dithmenos the Shadowed
   311 | D:1      | Reached * piety under Dithmenos
   486 | D:1      | Found Farantate's General Store.
   524 | D:1      | Reached skill level 1 in Invocations
   581 | D:1      | Found Zyasui's Assorted Antiques.
   583 | D:1      | Found Fyud's Weapon Emporium.
   956 | D:1      | Gained mutation: Spells you cast may paralyse adjacent
                  | enemies. [demonic ancestry]
   956 | D:1      | Reached XP level 3. HP: 27/27 MP: 4/4
  1680 | D:2      | Gained mutation: Your touch may inflict minor irresistible
                  | damage on your foes. [demonic ancestry]
  1680 | D:2      | Reached XP level 4. HP: 34/34 MP: 4/6
  1688 | D:2      | Reached ** piety under Dithmenos
  1927 | D:3      | Found a runed translucent gate.
  1927 | D:3      | Found a runed translucent gate.
  1927 | D:3      | Found a runed translucent gate.
  1970 | D:3      | Found a basalt altar of Yredelemnul.
  2085 | D:3      | Reached skill level 4 in Polearms
  2085 | D:3      | Gained mutation: You are partially covered in sharp spines.
                  | [demonic ancestry]
  2085 | D:3      | Reached XP level 5. HP: 27/41 MP: 7/7
  2596 | D:3      | Noticed Thatpatchoflichen's ghost (weakling OgIE)
  2889 | D:4      | Reached skill level 5 in Invocations
  2889 | D:4      | Gained mutation: You are mostly covered in sharp spines.
                  | [demonic ancestry]
  2889 | D:4      | Reached XP level 6. HP: 14/47 MP: 9/9
  3095 | D:4      | Found a snail-covered altar of Cheibriados.
  3107 | D:4      | Reached skill level 5 in Polearms
  3556 | D:4      | Found a burning altar of Makhleb.
  3565 | D:4      | Reached XP level 7. HP: 43/52 MP: 11/11
  3891 | D:5      | Entered Level 5 of the Dungeon
  3975 | D:5      | Reached skill level 6 in Polearms
  4262 | D:5      | Found Amissigu's Distillery.
  4426 | D:5      | Reached skill level 7 in Polearms
  4541 | D:5      | Found a glowing drain.
  4548 | Sewer    | Entered a sewer
  4565 | Sewer    | Reached *** piety under Dithmenos
  4784 | Sewer    | Gained mutation: When seriously injured, your blood forms
                  | thick armour. (AC +9) [demonic ancestry]
  4784 | Sewer    | Reached XP level 8. HP: 26/58 MP: 12/12
  5050 | D:5      | Reached skill level 8 in Polearms
  5266 | D:6      | Noticed Blork the orc
  5277 | D:6      | Killed Blork the orc
  5413 | D:6      | Reached **** piety under Dithmenos
  5445 | D:6      | Found a sacrificial altar of Ru.
  5509 | D:6      | Found a staircase to the Ecumenical Temple.
  5526 | D:6      | Reached skill level 9 in Polearms
  5607 | D:6      | Noticed Maggie
  5620 | D:6      | Killed Maggie
  6123 | D:7      | Reached skill level 10 in Polearms
  6311 | D:7      | Noticed Pikel
  6322 | D:7      | Killed Pikel
  6323 | D:7      | Gained mutation: Your touch may inflict irresistible damage
                  | on your foes. [demonic ancestry]
  6323 | D:7      | Reached XP level 9. HP: 40/63 MP: 13/13
  6805 | D:7      | Noticed a komodo dragon
  6820 | D:7      | Killed a komodo dragon
  6821 | D:7      | Reached skill level 11 in Polearms
  7337 | D:7      | Reached skill level 12 in Polearms
  7731 | D:8      | Found a staircase to the Lair.
  7841 | D:8      | Noticed a boulder beetle
  7871 | D:8      | Mangled by a boulder beetle

Illustrated notes

Levels and vault maps discovered:
D:1:      zelgadis_glass_arrival_large, layout_rooms,
          shapermc_ecumenical_altar_mp_highgroup, serial_shops, shop,
          nicolae_shop_trees, nicolae_shop_bloodbath_and_beyond, shop, shop
D:2:      layout_loops_ring, nicolae_grassy_gnolls
D:3:      corexii_shack_village, layout_rooms, nicolae_yredelemnul_corpse_copse,
          gammafunk_ghost_necromancy
D:4:      layout_loops_ring, makhleb_blood_cavern_becter,
          overflow_temple_1_default, serial_forest,
          infiniplex_forest_clump_double, infiniplex_forest_straight_4,
          infiniplex_forest_diagonal, infiniplex_forest_clump_tiny,
          infiniplex_forest_lined_ring, infiniplex_forest_lined_3,
          infiniplex_forest_lined_room_2
D:5:      layout_basic, serial_shops, shop, portal_sewer_entry_e
D:6:      layout_cave_pools, mainiacjoe_overflow_concentric_impassable,
          minmay_temple_entry_large_hall, sigmund_army, uniq_maggie,
          uniq_blork_the_orc
D:7:      layout_cave_pods, nicolae_overflow_crystal_walls, uniq_pikel
D:8:      layout_loops_ring, minmay_lair_entry_grove

Skill      XL: |  1  2  3  4  5  6  7  8  9 |
---------------+----------------------------+-----
Fighting       | 1 2 3 |  3.0
Invocations    | 1 2 3 5 6 |  6.0
Polearms       | 4 5 7 10 12 | 12.2
Staves         | |  1.0
Armour         | |  1.7
Stealth        | |  1.0
Evocations     | |  2.0

Action                   |  1- 3 |  4- 6 |  7- 9 || total
-------------------------+-------+-------+-------++-------
Melee: Spear             |   106 |     9 |       ||   115
       Punch             |     3 |       |       ||     3
       Halberd           |       |   104 |   247 ||   351
       Touch             |       |     1 |       ||     1
Evoke: Wand              |       |       |     4 ||     4
  Use: Scroll            |       |       |     8 ||     8
       Potion            |       |       |     1 ||     1
 Stab: Sleeping          |     5 |     1 |     5 ||    11
Armor: Leather armour    |    18 |    35 |    22 ||    75
       Steam dragon scal |       |       |    14 ||    14
Dodge: Dodged            |    55 |    61 |   108 ||   224
